 Dungeon Crawl Stone Soup version 0.25-b1-46-gb8a1ec05df (console) character file.

Game seed: 16558335476936501699

88 Kagalorn the Magician (level 4, -1/32 HPs)
             Began as a Gnoll Wanderer on June 9, 2020.
             Slain by an orc priest
             ... wielding a +0 club
              (4 damage)
             ... on level 2 of the Dungeon.
             The game lasted 00:06:01 (2071 turns).

Kagalorn the Magician (Gnoll Wanderer)              Turns: 2071, Time: 00:06:02

Health: -1/32      AC: 10    Str: 14    XL:     4   Next: 53%
Magic:  13/13      EV:  9    Int: 14    God:
Gold:   115        SH:  0    Dex: 14    Spells: 17/17 levels left

rFire    . . .     SeeInvis .   a - +0 dagger
rCold    + . .     Gourm    .   (no shield)
rNeg     . . .     Faith    .   e - +2 scale mail
rPois    .         Spirit   .   n - +1 hat
rElec    .         Reflect  .   (no cloak)
rCorr    .         Harm     .   s - +0 pair of gloves
MR       +....                  (no boots)
Stlth    +.........             (no amulet)
HPRegen  0.10/turn              (no ring)
MPRegen  0.13/turn              (no ring)

@: no status effects
A: distributed training, fangs 1, horns 1, cold resistance 1, magic resistance
1, weak 1, strong nose
a: no special abilities


You were on level 2 of the Dungeon.
You were not hungry.

You visited 1 branch of the dungeon, and saw 2 of its levels.

You collected 115 gold pieces.

Inventory:

Hand Weapons
 a - a +0 dagger (weapon)
 b - a +0 shortbow
 r - a +0 hunting sling
Missiles
 c - 73 arrows
 d - 7 poisoned darts (quivered)
 h - 47 stones
Armour
 e - a +2 scale mail (worn)
 n - a +1 hat (worn)
 s - a +0 pair of gloves (worn)
Jewellery
 t - an uncursed ring of fire
Scrolls
 g - 2 scrolls of blinking
 j - a scroll of fog {unknown}
 l - 2 scrolls of remove curse
 q - a scroll of teleportation
Comestibles
 f - 4 rations
 i - a chunk of flesh


   Skills:
 + Level 1.1 Fighting
 + Level 1.1 Short Blades
 + Level 1.1 Long Blades
 + Level 1.1 Axes
 + Level 1.1 Maces & Flails
 + Level 1.1 Polearms
 + Level 1.1 Staves
 + Level 1.1 Slings
 + Level 4.6 Bows
 + Level 1.1 Crossbows
 + Level 2.7 Throwing
 + Level 2.7 Armour
 + Level 1.1 Dodging
 + Level 2.5 Stealth
 + Level 1.1 Shields
 + Level 1.1 Unarmed Combat
 + Level 7.2 Spellcasting
 + Level 0.9 Conjurations
 + Level 0.9 Hexes
 + Level 0.9 Charms
 + Level 0.9 Summonings
 + Level 2.2 Necromancy
 + Level 0.9 Translocations
 + Level 0.9 Transmutations
 + Level 0.9 Fire Magic
 + Level 0.9 Ice Magic
 + Level 2.2 Air Magic
 + Level 0.9 Earth Magic
 + Level 0.9 Poison Magic
 + Level 1.2 Invocations
 + Level 1.1 Evocations


You had 17 spell levels left.
You didn't know any spells.
Your spell library was empty.

Dungeon Overview and Level Annotations

Branches:
Dungeon (2/15)

Altars:


Innate Abilities, Weirdness & Mutations

Your experience applies equally to all skills.
You have very sharp teeth.
Your uncanny sense of smell can sniff out nearby items.
You have a pair of small horns on your head.
Your flesh is cold resistant. (rC+)
You are resistant to hostile enchantments. (MR+)
You are weak. (Str -2)


Message History

The orc wizard points at you and mumbles some strange words.
You resist with almost no effort.
You hit the orc priest. Your headbutt misses the orc priest.
You bite the orc priest.
The orc priest is moderately wounded.
The orc priest mumbles some strange prayers to Beogh against you.
Beogh smites you!
* * * LOW HITPOINT WARNING * * *
The orc wizard hits you but does no damage.
Your scale mail prevents you from hitting the orc priest.
You bite the orc priest.
The orc priest is moderately wounded.
The orc priest hits you with a +0 club.
* * * LOW HITPOINT WARNING * * *
The orc wizard hits you with a +0 dagger.
* * * LOW HITPOINT WARNING * * *
You hit the orc priest.
The orc priest is severely wounded.
The orc priest hits you with a +0 club.
You die...

#.......#####....##.....####.
#.......##......#######...##.
#.......##.%..### ###..#.
####.#...†..########## ###.#)
#.#.....## ##.PP..###..... #
#.......##.......##.†...
#....##############.....
.....>.o#...........##...
##.###.#o@........†......< #.
..##...##.##.######.. #.
####..##.....# ..
........#### .. #.##.....# ..
... .....## .. ...... ∆ .
#...## #. ...


You could see an orc priest and an orc wizard.

Vanquished Creatures
  A worker ant (D:2)
  An adder (D:2)
  An ooze (D:2)
  3 worms (D:2)
  2 dart slugs
  3 giant cockroaches (D:1)
  4 hobgoblins
  3 jackals (D:1)
  A ball python (D:1)
  2 bats
  6 frilled lizards
  3 goblins
  6 kobolds
  7 rats
43 creatures vanquished.

Notes
Turn   | Place    | Note
-------+----------+-------------------------------------------
     0 | D:1      | Kagalorn the Gnoll Wanderer began the quest for the Orb.
     0 | D:1      | Kagalorn set off with the following items: a +0 shortbow, a
                  | +2 scale mail, 27 arrows, 8 poisoned darts, a +0 dagger, a
                  | ration
     0 | D:1      | Reached XP level 1. HP: 13/13 MP: 8/8
   286 | D:1      | Reached XP level 2. HP: 19/19 MP: 10/10
  1020 | D:1      | Reached XP level 3. HP: 25/25 MP: 11/11
  1312 | D:2      | Reached skill level 1 in Fighting
  1312 | D:2      | Reached skill level 1 in Short Blades
  1312 | D:2      | Reached skill level 1 in Long Blades
  1312 | D:2      | Reached skill level 1 in Axes
  1312 | D:2      | Reached skill level 1 in Maces & Flails
  1312 | D:2      | Reached skill level 1 in Polearms
  1312 | D:2      | Reached skill level 1 in Staves
  1312 | D:2      | Reached skill level 1 in Slings
  1312 | D:2      | Reached skill level 1 in Crossbows
  1312 | D:2      | Reached skill level 1 in Dodging
  1312 | D:2      | Reached skill level 1 in Shields
  1312 | D:2      | Reached skill level 1 in Unarmed Combat
  1312 | D:2      | Reached skill level 1 in Invocations
  1312 | D:2      | Reached skill level 1 in Evocations
  1366 | D:2      | Reached XP level 4. HP: 15/32 MP: 13/13
  1689 | D:2      | Gained mutation: You are weak. (Str -2) [potion of
                  | mutation]
  1689 | D:2      | Gained mutation: Your flesh is cold resistant. (rC+)
                  | [potion of mutation]
  1689 | D:2      | Gained mutation: You have a pair of small horns on your
                  | head. [potion of mutation]
  1689 | D:2      | Gained mutation: You are resistant to hostile enchantments.
                  | (MR+) [potion of mutation]
  1696 | D:2      | HP: 1/32 [adder (1)]
  2071 | D:2      | Slain by an orc priest

Illustrated notes

Levels and vault maps discovered:
D:1:      shiori_arrival_maze, layout_basic
D:2:      layout_rooms, serial_aquarium, aquarium_bridge_long_separate
          [aquarium_subvault_wall, aquarium_subvault_bridge,
          aquarium_subvault_bridge, aquarium_subvault_bridge,
          aquarium_subvault_bridge, aquarium_subvault_wall], aquarium_window_2,
          aquarium_window_fake, aquarium_window_corridor_3, aquarium_view_2c,
          aquarium_view_2a

Skill      XL: |  1  2  3 |
---------------+----------+-----
Necromancy     | 2 |  2.2
Air Magic      | 2 |  2.2
Fighting       | 1 |  1.1
Short Blades   | 1 |  1.1
Long Blades    | 1 |  1.1
Axes           | 1 |  1.1
Maces & Flails | 1 |  1.1
Polearms       | 1 |  1.1
Staves         | 1 |  1.1
Slings         | 1 |  1.1
Crossbows      | 1 |  1.1
Dodging        | 1 |  1.1
Shields        | 1 |  1.1
Unarmed Combat | 1 |  1.1
Invocations    | 1 |  1.2
Evocations     | 1 |  1.1
Bows           | |  4.6
Throwing       | |  2.7
Armour         | |  2.7
Stealth        | |  2.5
Spellcasting   | |  7.2
Conjurations   | |  0.9
Hexes          | |  0.9
Charms         | |  0.9
Summonings     | |  0.9
Translocations | |  0.9
Transmutations | |  0.9
Fire Magic     | |  0.9
Ice Magic      | |  0.9
Earth Magic    | |  0.9
Poison Magic   | |  0.9

Action                   |  1- 3 |  4- 6 || total
-------------------------+-------+-------++-------
Melee: Dagger            |   156 |    96 ||   252
       Bite              |    14 |    12 ||    26
       Punch             |     1 |       ||     1
       Headbutt          |       |     7 ||     7
Throw: Dart              |     5 |       ||     5
  Use: Scroll            |       |     4 ||     4
       Potion            |       |     3 ||     3
  Eat: Chunk             |     1 |     3 ||     4
Armor: Scale mail        |    58 |    45 ||   103
Dodge: Dodged            |    47 |    26 ||    73
